 Dungeon Crawl Stone Soup version 0.30.1-4-g462c640d31 (webtiles) character file.

Game seed: 938733169326234625

168 songwithinasong the Firebug (level 5, 0/37 HPs)
             Began as a Gnoll Wanderer on Aug 10, 2023.
             Slain by Grinder (1 damage)
             ... while paralysed by Grinder
             ... on level 3 of the Dungeon.
             The game lasted 00:10:39 (3061 turns).

songwithinasong the Firebug (Gnoll Wanderer)        Turns: 3061, Time: 00:10:39

Health: 0/37       AC:  5    Str: 11    XL:     5   Next: 48%
Magic:  3/9        EV:  2    Int: 13    God:
Gold:   56         SH:  0    Dex: 12    Spells: 6/10 levels left

rFire   . . .        a - +1 short sword
rCold   . . .        (no shield)
rNeg    . . .        d - +0 robe
rPois   .            j - +1 helmet
rElec   .            (no cloak)
rCorr   .            (no gloves)
SInv    .            b - +0 pair of boots
Will    .....        (no amulet)
Stlth   ++           (no ring)
HPRegen 0.26/turn    (no ring)
MPRegen 0.11/turn

%: no passive effects
@: paralysed
A: fangs 1, strong nose, distributed training
a: no special abilities


You were on level 3 of the Dungeon.
You visited 1 branch of the dungeon, and saw 3 of its levels.

You collected 56 gold pieces.

Inventory:

Hand Weapons
 a - a +1 short sword (weapon)
Armour
 b - a +0 pair of boots (worn)
 d - a +0 robe (worn)
 j - a +1 helmet (worn)
Scrolls
 c - a scroll of fear
 f - a scroll of silence
 g - a scroll of teleportation {unknown}
Potions
 k - 2 potions of might
 l - a potion of mutation {unknown}
 m - a potion of ambrosia
 n - a potion of cancellation {unknown}
 o - a potion of attraction {unknown}


   Skills:
 + Level 1.6 Fighting
 + Level 4.8 Short Blades
 + Level 1.6 Long Blades
 + Level 1.6 Axes
 + Level 1.6 Maces & Flails
 + Level 1.6 Polearms
 + Level 1.6 Staves
 + Level 1.6 Ranged Weapons
 + Level 1.6 Throwing
 + Level 1.6 Armour
 + Level 6.7 Dodging
 + Level 1.6 Stealth
 + Level 1.6 Shields
 + Level 1.6 Unarmed Combat
 + Level 3.2 Spellcasting
 + Level 1.2 Conjurations
 + Level 1.2 Hexes
 + Level 1.2 Summonings
 + Level 1.2 Necromancy
 + Level 1.2 Translocations
 + Level 1.2 Transmutations
 + Level 7.2 Fire Magic
 + Level 1.2 Ice Magic
 + Level 1.2 Air Magic
 + Level 1.2 Earth Magic
 + Level 1.2 Poison Magic
 + Level 1.8 Invocations
 + Level 1.6 Evocations


You had 6 spell levels left.
You knew the following spells:

 Your Spells              Type           Power      Damage    Failure   Level
a - Foxfire               Conj/Fire      52%        2x1d6     4%          1
b - Inner Flame           Hex/Fire       13%        N/A       12%         3

Your spell library contained the following spells:

 Spells                   Type           Power      Damage    Failure   Level
 Volatile Blastmotes      Fire/Tloc      26%        2d12      12%         3


Dungeon Overview and Level Annotations

Branches:
Dungeon (3/15)

Altars:

Shops:
D:1 *   D:2 *

Annotations:
D:3 Grinder


Innate Abilities, Weirdness & Mutations

You have very sharp teeth.
Your uncanny sense of smell can sniff out nearby items.
Your experience applies equally to all skills.


Message History

An endoplasm comes into view.
Grinder blinks!
You hit Grinder.
Grinder is moderately wounded.
Grinder blinks!
You see here a dart slug corpse.
Grinder is nearby!
Grinder gestures at you. Pain shoots through your body! Grinder hits you.
You see here a dart slug corpse.
You hit Grinder.
Grinder is moderately wounded.
Grinder barely misses you.
You hit Grinder.
Grinder is heavily wounded.
You closely miss Grinder.
Grinder is heavily wounded.
Grinder gestures at you. Pain shoots through your body!
The dart slug launches a dart at you. The slug dart misses you.
You barely miss Grinder.
Grinder is heavily wounded.
Grinder hits you.
* * * LOW HITPOINT WARNING * * *
You writhe in agony.
* * * LOW HITPOINT WARNING * * *
You closely miss Grinder. You bite Grinder, but do no damage.
Grinder is heavily wounded.
Grinder gestures at you.
You suddenly lose the ability to move!
Grinder hits you.
* * * LOW HITPOINT WARNING * * *
You writhe in agony.
* * * LOW HITPOINT WARNING * * *
Grinder hits you.
* * * LOW HITPOINT WARNING * * *
You writhe in agony.
You die...

#...# ..# #...## ..## ##.
#....####...##...
#######.......#......#
##..(...###..#..# ..##
#........###.##.# #...#.
#..........##..#.##..#...
#..........###...w.......
#..........5@.)..†...#..
#..........########....~~
#..........# ...≈≈~
##........## ~~≈≈≈
#.....^..## #≈≈≈≈≈~
..........# .# w≈#≈≈≈~
..........# ).#≈≈≈≈≈≈~≈
..........## #.~≈~~~≈#~~
..........<####.≈≈~⌠.~~..


You could see Grinder and a dart slug.

Vanquished Creatures
  Natasha (thrice) (D:2)
  An adder (D:2)
  3 worms
  5 dart slugs
  8 ball pythons
  4 endoplasms
  3 giant cockroaches
  6 goblins
  7 hobgoblins
  3 jackals (D:1)
  8 kobolds
  4 quokkas
  4 bats
  A frilled lizard (D:2)
  4 rats
64 creatures vanquished.

Vanquished Creatures (others)
  158 foxfires
158 creatures vanquished.

Grand Total: 222 creatures vanquished

Notes
Turn   | Place    | Note
-------+----------+-------------------------------------------
     0 | D:1      | songwithinasong the Gnoll Wanderer began the quest for the
                  | Orb.
     0 | D:1      | songwithinasong set off with the following items: a +0
                  | short sword, a +0 pair of boots, a scroll of fear, a +0
                  | robe; and the following spell memorised: Foxfire; and the
                  | following spells available to memorise: Inner Flame,
                  | Volatile Blastmotes.
     0 | D:1      | Reached XP level 1. HP: 13/13 MP: 4/4
    96 | D:1      | Reached XP level 2. HP: 19/19 MP: 0/5
   465 | D:1      | Reached XP level 3. HP: 25/25 MP: 1/7
   576 | D:1      | Found Vuaqus's Assorted Antiques.
   632 | D:1      | Reached skill level 1 in Invocations
  1224 | D:1      | Reached skill level 1 in Fighting
  1224 | D:1      | Reached skill level 1 in Long Blades
  1224 | D:1      | Reached skill level 1 in Axes
  1224 | D:1      | Reached skill level 1 in Maces & Flails
  1224 | D:1      | Reached skill level 1 in Polearms
  1224 | D:1      | Reached skill level 1 in Staves
  1224 | D:1      | Reached skill level 1 in Ranged Weapons
  1224 | D:1      | Reached skill level 1 in Throwing
  1224 | D:1      | Reached skill level 1 in Armour
  1224 | D:1      | Reached skill level 1 in Stealth
  1224 | D:1      | Reached skill level 1 in Shields
  1224 | D:1      | Reached skill level 1 in Unarmed Combat
  1224 | D:1      | Reached skill level 1 in Evocations
  1742 | D:2      | Reached XP level 4. HP: 32/32 MP: 5/8
  2143 | D:2      | Noticed Natasha
  2161 | D:2      | Killed Natasha
  2162 | D:2      | Reached skill level 1 in Conjurations
  2162 | D:2      | Reached skill level 1 in Hexes
  2162 | D:2      | Reached skill level 1 in Summonings
  2162 | D:2      | Reached skill level 1 in Necromancy
  2162 | D:2      | Reached skill level 1 in Translocations
  2162 | D:2      | Reached skill level 1 in Transmutations
  2162 | D:2      | Reached skill level 1 in Ice Magic
  2162 | D:2      | Reached skill level 1 in Air Magic
  2162 | D:2      | Reached skill level 1 in Earth Magic
  2162 | D:2      | Reached skill level 1 in Poison Magic
  2320 | D:2      | Found Qisawuow's General Store.
  2681 | D:2      | Noticed Natasha
  2691 | D:2      | Killed Natasha
  2692 | D:2      | Reached XP level 5. HP: 25/37 MP: 4/9
  2755 | D:2      | Noticed Natasha
  2758 | D:2      | Killed Natasha
  2825 | D:2      | Learned a level 3 spell: Inner Flame
  2852 | D:3      | Noticed Grinder
  2853 | D:3      | Paralysed by Grinder for 4 turns
  2883 | D:3      | Paralysed by Grinder for 2 turns
  3001 | D:3      | Paralysed by Grinder for 3 turns
  3059 | D:3      | Paralysed by Grinder for 3 turns
  3061 | D:3      | HP: 1/37 [Grinder (4)]
  3061 | D:3      | Slain by Grinder

Illustrated notes

Levels and vault maps discovered:
D:1:      dpeg_arrival_ternary, layout_basic, serial_shops,
          nicolae_shop_waterfront
D:2:      layout_basic, serial_shops, nicolae_shop_tiny_waterfront,
          serial_rivers, chequers_serial_rivers_micro_d,
          chequers_serial_rivers_small_b, chequers_serial_rivers_marsh,
          chequers_serial_rivers_micro_e, chequers_serial_rivers_small_a,
          nicolae_wormholes, uniq_natasha
D:3:      kennysheep_slugbush, layout_rooms, tgw_xom,
          chequers_temple_overflow_minitemple, uniq_grinder

Skill      XL: |  1  2  3  4 |
---------------+-------------+-----
Invocations    | 1 |  1.8
Fighting       | 1 |  1.6
Long Blades    | 1 |  1.6
Axes           | 1 |  1.6
Maces & Flails | 1 |  1.6
Polearms       | 1 |  1.6
Staves         | 1 |  1.6
Ranged Weapons | 1 |  1.6
Throwing       | 1 |  1.6
Armour         | 1 |  1.6
Stealth        | 1 |  1.6
Shields        | 1 |  1.6
Unarmed Combat | 1 |  1.6
Evocations     | 1 |  1.6
Spellcasting   | 3 |  3.2
Conjurations   | 1 |  1.2
Hexes          | 1 |  1.2
Summonings     | 1 |  1.2
Necromancy     | 1 |  1.2
Translocations | 1 |  1.2
Transmutations | 1 |  1.2
Ice Magic      | 1 |  1.2
Air Magic      | 1 |  1.2
Earth Magic    | 1 |  1.2
Poison Magic   | 1 |  1.2
Short Blades   | |  4.8
Dodging        | |  6.7
Fire Magic     | |  7.2

Action                     |  1- 3 |  4- 6 || total
---------------------------+-------+-------++-------
  Melee: Short sword       |   116 |    33 ||   149
         Bite              |    15 |     4 ||    19
   Cast: Foxfire           |    51 |    58 ||   109
    Use: Scroll            |     1 |     5 ||     6
   Stab: Sleeping          |     1 |       ||     1
 Armour: Robe              |    27 |    14 ||    41
  Dodge: Dodged            |    87 |    24 ||   111
